 Dungeon Crawl Stone Soup version 0.19-a0-1384-gbb462ca (webtiles) character file.

90 Amnesiac the Chucker (level 4, -8/49 HPs)
             Began as an Ogre Hunter on Sept 4, 2016.
             Killed from afar by CypherZel's ghost (14 damage)
             ... with a puff of flame
             ... on level 4 of the Dungeon.
             The game lasted 00:02:43 (1351 turns).

Amnesiac the Chucker (Ogre Hunter)                  Turns: 1351, Time: 00:02:44

Health: -8/49      AC:  3    Str: 17    XL:     4   Next: 56%
Magic:  4/4        EV: 10    Int: 10    God:
Gold:   77         SH:  0    Dex: 11    Spells: 0 memorised, 3 levels left

rFire  . . .     SeeInvis .     a - +0 short sword
rCold  . . .     Gourm    .     b - +0 robe
rNeg   . . .     Faith    .     (no shield)
rPois  .         Spirit   .     (helmet restricted)
rElec  .         Dismiss  .     (no cloak)
rCorr  .         Reflect  .     (gloves unavailable)
MR     .....     Harm     .     (boots unavailable)
Stlth  +.........               (no amulet)
                                (no ring)
                                (no ring)

@: no status effects
A: unfitting armour, tough skin 1
a: no special abilities


You were on level 4 of the Dungeon.
You were hungry.

You visited 1 branch of the dungeon, and saw 4 of its levels.

You collected 77 gold pieces.

Inventory:

Hand Weapons
 a - a +0 short sword (weapon)
 h - a +0 flail
Missiles
 d - 2 throwing nets (quivered)
 o - 3 tomahawks
Armour
 b - a +0 robe (worn)
Wands
 k - a wand of polymorph (14/24)
Scrolls
 e - a scroll of immolation {unknown}
 i - a scroll of enchant armour {unknown}
Potions
 j - a potion of haste {unknown}
Comestibles
 f - 2 bread rations
 g - 2 slices of pizza
 l - a chunk of flesh
 m - 3 meat rations
 n - a royal jelly


   Skills:
 + Level 4.3 Fighting
 * Level 5.2 Throwing
 - Level 1.7 Dodging
 - Level 0.7 Stealth


You had 3 spell levels left.
You didn't know any spells.

Dungeon Overview and Level Annotations

Branches:
Dungeon (4/15)
 Temple: D:4-7

Altars:

Annotations:
D:4 CypherZel's ghost, novice GrFE


Innate Abilities, Weirdness & Mutations

You are too large for most types of armour.
You have tough skin. (AC +1)


Message History

Here: CypherZel's ghost (lightly damaged)
The floor.
Unknown command.
You see here 26 bolts.
You see here a large rock.
Press: ? - help, v - describe, . - travel
Here: CypherZel's ghost The floor.
Unknown command.
Okay, then.
You see here a large rock.
CypherZel's ghost points at you and mumbles some strange words.
The puff of flame hits you!
* * * LOW HITPOINT WARNING * * *
You are feeling hungry.
CypherZel's ghost wails, "Very impressive.
But it won't help.
Nothing will."
There is a stone staircase leading down here.
CypherZel's ghost casts a spell at you. The puff of flame hits you!
You die...

#### ...###############
................@#
...#############.##
....###...######..####
.....)............W..#
..####....##....####.#
...
###......####...#######
....
###..####.....W.W...#
....
#####.....#######.#
..... #.....#..# #(#


You could see CypherZel's ghost.

Vanquished Creatures
  An orc wizard (D:4)
  A worker ant (D:4)
  2 oozes
  3 worms
  A giant gecko (D:2)
  3 orcs
  3 bats
  2 goblins
  2 jackals (D:2)
  A quokka (D:3)
  A giant newt (D:3)
  2 kobolds
  A quokka skeleton (D:4)
  A rat (D:2)
24 creatures vanquished.

Notes
Turn   | Place    | Note
-------+----------+-------------------------------------------
     0 | D:1      | Amnesiac the Ogre Hunter began the quest for the Orb.
     0 | D:1      | Reached XP level 1. HP: 22/22 MP: 1/1
   271 | D:2      | Reached XP level 2. HP: 27/29 MP: 2/2
   908 | D:3      | Reached XP level 3. HP: 27/37 MP: 3/3
  1119 | D:4      | Reached skill level 5 in Throwing
  1119 | D:4      | Reached XP level 4. HP: 44/48 MP: 4/4
  1303 | D:4      | Noticed CypherZel's ghost (novice GrFE)
  1351 | D:4      | Killed from afar by CypherZel's ghost

Vault maps used:
D:1:      dpeg_cavernosity
D:4:      first_bread, minmay_misc_feat_x, grunt_ministairs_7,
          trog_three_pillars_becter

Skill      XL: |  1  2  3  4 |
---------------+-------------+-----
Fighting       | 3 4 |  4.3
Throwing       | 5 |  5.2
Dodging        | |  1.7
Stealth        | |  0.7

Action                   |  1- 3 |  4- 6 || total
-------------------------+-------+-------++-------
Melee: Short sword       |    96 |     9 ||   105
Throw: Tomahawk          |    12 |     3 ||    15
       Large rock        |     6 |     6 ||    12
 Stab: Sleeping          |     1 |       ||     1
  Eat: Chunk             |     1 |       ||     1
Armor: Robe              |    21 |       ||    21
Dodge: Dodged            |    50 |     4 ||    54
